 Dungeon Crawl Stone Soup version 0.29.1-15-g9cfb28693d (webtiles) character file.

Game seed: 15887869529230133256

443 GigaChad the Chopper (level 6, 0/52 HPs)
             Began as a Minotaur Gladiator on Mar 15, 2023.
             Slain by a gnoll
             ... wielding a +0 halberd
             ... led by a gnoll sergeant
              (9 damage)
             ... on level 5 of the Dungeon on Mar 16, 2023.
             The game lasted 00:05:49 (4239 turns).

GigaChad the Chopper (Minotaur Gladiator)           Turns: 4239, Time: 00:05:49

Health: 0/52       AC:  3    Str: 20    XL:     6   Next: 71%
Magic:  5/5        EV: 13    Int:  5    God:
Gold:   122        SH:  0    Dex: 12    Spells: 5/5 levels left

rFire   . . .      SeeInvis .   a - +0 war axe
rCold   . . .      Faith    .   (no shield)
rNeg    . . .      Spirit   .   b - +0 leather armour
rPois   .          Reflect  .   c - +0 hat
rElec   .          Harm     .   (no cloak)
rCorr   .          Rampage  .   (no gloves)
Will    .....                   (no boots)
Stlth   +.........              p - amulet of regeneration
HPRegen 0.97/turn               (no ring)
MPRegen 0.09/turn               (no ring)

@: no status effects
A: horns 2, retaliatory headbutt
a: no special abilities


You were on level 5 of the Dungeon.
You visited 1 branch of the dungeon, and saw 5 of its levels.

You collected 122 gold pieces.

Inventory:

Hand Weapons
 a - a +0 war axe (weapon)
Missiles
 d - 3 throwing nets (quivered)
 e - a javelin
Armour
 b - a +0 leather armour (worn)
 c - a +0 hat (worn)
Jewellery
 p - an amulet of regeneration (around neck)
Scrolls
 f - 2 scrolls of magic mapping
 h - a scroll of enchant weapon {unknown}
 j - a scroll of fear
 m - a scroll of blinking
 n - a scroll of amnesia
Potions
 g - a potion of magic {unknown}
 i - a potion of ambrosia {unknown}
 k - 2 potions of invisibility {unknown}
 l - 2 potions of flight {unknown}
 o - 4 potions of curing {unknown}


   Skills:
 + Level 3.9 Fighting
 + Level 7.0 Axes
 + Level 2.0 Throwing
 + Level 3.3 Armour
 + Level 4.3 Dodging
 + Level 0.8 Stealth


You had 5 spell levels left.
You didn't know any spells.
Your spell library contained the following spells:

 Spells                   Type           Power      Damage    Failure   Level
 Scorch                   Fire           0%         2d5       67%         2
 Dazzling Flash           Conj/Hex       0%         N/A       88%         3
 Flame Wave               Conj/Fire      0%         2d4       99%         4
 Petrify                  Tmut/Erth      0%         N/A       99%         4
 Agony                    Necr           0%         N/A       100%        5
 Metabolic Englaciation   Hex/Ice        0%         N/A       100%        5
 Silence                  Hex/Air        0%         N/A       100%        5
 Statue Form              Tmut/Erth      0%         N/A       100%        6
 Summon Cactus Giant      Summ           0%         N/A       100%        6


Dungeon Overview and Level Annotations

Branches:
Dungeon (5/15)
 Temple: D:4-7

Altars:
The Shining One

Shops:
D:1 (   D:4 =(

Annotations:
D:4 2 transporters, sigtrap's ghost, amateur SpHu


Innate Abilities, Weirdness & Mutations

You have a pair of horns on your head.
You reflexively headbutt those who attack you in melee.


Message History

The gnoll hits you from afar with a +0 halberd.
You hit the gnoll.
The gnoll is moderately wounded.
You feel sick. The gnoll barely misses you. The gnoll hits you with a +0 club.
You slash the gnoll!
You kill the gnoll!
You feel sick. The gnoll barely misses you. The gnoll closely misses you.
You hit the gnoll.
The gnoll is heavily wounded.
You feel sick. The gnoll hits you with a +0 whip. The gnoll barely misses you.
The gnoll closely misses you.
You slash the gnoll!
You kill the gnoll!
You feel sick. The gnoll completely misses you.
The gnoll hits you from afar with a +0 halberd!
* * * LOW HITPOINT WARNING * * *
The gnoll barely misses you. The gnoll closely misses you.
Unknown command.
You are too injured to fight recklessly!
You are too injured to fight recklessly!
You are too injured to fight recklessly!
Unknown command.
You are too injured to fight recklessly!
You are too injured to fight recklessly!
You feel sick.
There is a stone staircase leading down here.
You feel sick.
You are no longer poisoned.
The gnoll closely misses you. You furiously retaliate!
You headbutt the gnoll.
The gnoll hits you from afar with a +0 halberd!
* * * LOW HITPOINT WARNING * * *
You slash the gnoll!
You kill the gnoll!
The gnoll misses you.
Your Axes skill increases to level 7!
You hit the gnoll.
The gnoll is heavily wounded.
The gnoll closely misses you.
The gnoll hits you from afar with a +0 halberd!
You die...

#.# #.# .
#.# .. #.#
.. #.# #.
#.# .. #<#
#.#.#.####.#
.....gg@>..#
#.#.#.######
.. ... ###


You could see 2 gnolls.

Vanquished Creatures
  A necrophage (D:4)
  A gnoll sergeant (D:5)
  A scorpion (D:4)
  2 orc priests (D:3)
  An orc wizard (D:3)
  3 gnolls (D:5)
  4 adders
  An ufetubus (D:4)
  2 worms
  2 dart slugs
  11 orcs (D:3)
  4 ball pythons
  7 bats
  5 endoplasms
  A giant cockroach (D:1)
  10 goblins
  10 hobgoblins
  7 jackals
  2 quokkas
  A frilled lizard (D:1)
  6 kobolds
  5 rats
87 creatures vanquished.

Notes
Turn   | Place    | Note
-------+----------+-------------------------------------------
     0 | D:1      | GigaChad the Minotaur Gladiator began the quest for the
                  | Orb.
     0 | D:1      | Reached XP level 1. HP: 18/18 MP: 0/0
    31 | D:1      | Found Dimniruj's Weapon Boutique.
    39 | D:1      | Reached skill level 4 in Axes
    39 | D:1      | Reached XP level 2. HP: 14/25 MP: 1/1
   475 | D:1      | You fall into a shaft and drop 1 floor!
   565 | D:2      | Reached XP level 3. HP: 30/30 MP: 2/2
   628 | D:2      | Found a glowing golden altar of the Shining One.
  1129 | D:2      | Reached skill level 1 in Armour
  1521 | D:3      | Reached XP level 4. HP: 27/37 MP: 3/3
  2185 | D:3      | Reached skill level 5 in Axes
  2750 | D:3      | Reached XP level 5. HP: 16/45 MP: 4/4
  3555 | D:4      | Reached skill level 6 in Axes
  3556 | D:4      | Reached XP level 6. HP: 33/51 MP: 5/5
  3690 | D:4      | Found Pyw Siy's Antique Weapon Shoppe.
  3691 | D:4      | Found Qofofept's Jewellery Shop.
  3945 | D:4      | Found a transporter.
  3950 | D:4      | Noticed sigtrap's ghost (amateur SpHu)
  3967 | D:4      | Found a transporter.
  4225 | D:5      | Entered Level 5 of the Dungeon
  4239 | D:5      | Reached skill level 7 in Axes
  4239 | D:5      | Slain by a gnoll

Illustrated notes

Levels and vault maps discovered:
D:1:      evilmike_arrival_come_back, layout_loops_ring, serial_shops, shop,
          nicolae_shop_bloodbath_and_beyond
D:2:      layout_basic, basic_altar
D:3:      layout_loops_cross
D:4:      layout_loops_ring, gammafunk_ghost_stat_death,
          nicolae_wooded_promenade
D:5:      minmay_chambers_of_fours, layout_loops_ring,
          minmay_temple_entry_stoned_glass, uniq_edmund

Skill      XL: |  1  2  3  4  5  6 |
---------------+-------------------+-----
Axes           | 4 5 6 7 |  7.0
Armour         | 1 2 3 |  3.3
Dodging        | 4 |  4.3
Fighting       | 3 |  3.9
Throwing       | |  2.0
Stealth        | |  0.8

Action                   |  1- 3 |  4- 6 || total
-------------------------+-------+-------++-------
Melee: War axe           |    83 |    90 ||   173
       Headbutt          |     6 |     8 ||    14
       Punch             |       |     1 ||     1
  Use: Scroll            |       |     4 ||     4
Armor: Leather armour    |    20 |    14 ||    34
Dodge: Dodged            |    65 |    61 ||   126
